[Event "Titled Tuesday Blitz May 03 Late 2022"]
[White "Gascon Del Nogal, Jose Rafael"]
[Black "Gabrielian, Artur"]
[WhiteFideId "3902463"]
[BlackFideId "4131002"]
[WhiteElo "2473"]
[BlackElo "2440"]
[Result "1-0"]
[Round "11"]
[TimeControl "180+1"]
[Date "2022.05.03"]
[WhiteClock "0:00:03"]
[BlackClock "0:00:10"]

1. c4 Nf6 2. Nc3 g6 3. e4 Bg7 4. d4 d6 5. Be2 O-O 6. Be3 e5 7. d5 Na6 8. g4 Nc5 9. f3 a5 10. h4 h5 11. g5 Nh7 12. Qd2 f6 13. gxf6 Bxf6 14. O-O-O Bxh4 15. Nh3 Bxh3 16. Rxh3 Bg5 17. Rg1 Rf4 18. Kb1 Kh8 19. Bxf4 Bxf4 20. Qd1 Qf6 21. Qf1 Rg8 22. Qg2 Rg7 23. Rhh1 Be3 24. Rf1 Bd4 25. Nb5 Be3 26. b3 Ng5 27. Kc2 Bf4 28. a3 a4 29. b4 Nb3 30. Qf2 c6 31. Nc3 Nd4+ 32. Kb1 Bd2 33. Nxa4 Rf7 34. Rd1 Nxe4 35. Qg2 Nc3+ 36. Nxc3 Bxc3 37. Bd3 e4 38. Bxe4 Nf5 39. Rdg1 Rg7 40. Qh3 Bd4 41. Bxf5 Bxg1 42. Rxg1 Qxf5+ 43. Qxf5 gxf5 44. Rxg7 Kxg7 45. dxc6 bxc6 46. b5 cxb5 47. cxb5 h4 48. b6 h3 49. b7 h2 50. b8=Q h1=Q+ 51. Kb2 Qg2+ 52. Kb1 Qf1+ 53. Kb2 Qf2+ 54. Kb1 Qe1+ 55. Kb2 Qd2+ 56. Kb1 Qd3+ 57. Kb2 Kf6 58. Qf8+ Kg5 59. a4 Qd4+ 60. Kb3 Qb6+ 61. Ka3 Qc5+ 62. Kb3 Qd5+ 63. Kb4 Qc5+ 64. Kb3 Kf4 65. Qa8 d5 66. a5 Qc4+ 67. Ka3 Kxf3 68. a6 f4 69. a7 Qa6+ 70. Kb3 Qb6+ 71. Ka3 Qa5+ 72. Kb3 Kf2 73. Qb7 Qc5 74. a8=Q Qc4+ 75. Ka3 f3 76. Qxd5 Qc1+ 77. Ka4 Qa1+ 78. Kb5 Qb2+ 79. Kc4 Qc2+ 80. Kd4 Qd2+ 81. Ke5 Qg5+ 82. Ke6 Qg6+ 83. Ke5 Qg5+ 84. Ke4 Qg4+ 85. Kd3 Qg6+ 86. Qe4 Qd6+ 87. Qad5 Qa3+ 88. Kd4 Qb2+ 89. Kc5 Qa3+ 90. Qb4 Qa7+ 91. Kc4 Qa6+ 92. Qbb5 Qa2+ 93. Kc3 Qa3+ 94. Kc2 Qa1 95. Qd2+ Kg3 96. Qbg5+ Kh3 97. Qh5+ Kg3 98. Qdg5+ Kf2 99. Qh2+ Ke1 100. Qgg1# 1-0


[Site "https://www.chess.com"]

[Event "Titled Tuesday Blitz May 03 Late 2022"]
[White "Golubev, Mikhail"]
[Black "Yuan, Qingyu"]
[WhiteFideId "14100983"]
[BlackFideId "8609772"]
[WhiteElo "2374"]
[BlackElo "2359"]
[Result "0-1"]
[Round "11"]
[TimeControl "180+1"]
[Date "2022.05.03"]
[WhiteClock "0:00:07"]
[BlackClock "0:00:05"]

1. e4 c6 2. Nf3 d5 3. Nc3 dxe4 4. Nxe4 Nf6 5. Qe2 Nxe4 6. Qxe4 Nd7 7. Bc4 Nf6 8. Ne5 e6 9. Qe2 b5 10. Bb3 Qc7 11. O-O Bd6 12. d4 O-O 13. Re1 a5 14. c3 c5 15. dxc5 Qxc5 16. Bg5 Bxe5 17. Qxe5 Qxe5 18. Rxe5 Bd7 19. Rd1 Rfd8 20. f3 Be8 21. Rxd8 Rxd8 22. Kf2 h6 23. Be3 Bc6 24. Rc5 Rc8 25. a4 Nd7 26. Rxc6 Rxc6 27. axb5 Rc8 28. Bc2 Ne5 29. Ba7 Nc4 30. b6 Nd6 31. Be4 f5 32. Bd3 Kf7 33. Ba6 Rc6 34. c4 Kf6 35. b3 e5 36. Kg3 g5 37. c5 Rxc5 38. Bb8 Rc6 39. Bc7 Ke6 40. Bd3 Ne8 41. Bb5 Rxc7 42. bxc7 Nxc7 43. Bc4+ Kd6 44. Kf2 Nd5 45. h4 Nf4 46. hxg5 hxg5 47. g3 Ne6 48. Ke3 Nd4 49. f4 gxf4+ 50. gxf4 Nc2+ 51. Kd2 Nd4 52. fxe5+ Kxe5 53. Kc3 f4 54. b4 a4 55. b5 f3 56. b6 Nc6 57. Kb2 Kd4 58. Bf1 Kc5 59. Ka3 Kxb6 60. Kxa4 Kc5 61. Kb3 Kd4 62. Kc2 Ke3 63. Kc1 Nd4 64. Ba6 Ne2+ 65. Kd1 Nc3+ 66. Ke1 Ne4 67. Kf1 Nd2+ 68. Ke1 f2+ 69. Kd1 Ne4 70. Kc2 Ng3 71. Kd1 Ne4 72. Kc2 Nc5 73. Bb5 Nd7 74. Ba6 Ne5 75. Bb5 Nc6 76. Ba6 Nb4+ 0-1


[Site "https://www.chess.com"]

[Event "Titled Tuesday Blitz May 03 Late 2022"]
[White "Gomez Dieguez, David"]
[Black "Meduri, Aakaash"]
[WhiteFideId "22223630"]
[BlackFideId "2032252"]
[WhiteElo "2115"]
[BlackElo "2096"]
[Result "0-1"]
[Round "11"]
[TimeControl "180+1"]
[Date "2022.05.03"]
[WhiteClock "0:01:02"]
[BlackClock "0:01:38"]

1. c4 e5 2. Nc3 Nc6 3. Nf3 Nf6 4. e3 g6 5. d4 exd4 6. exd4 d5 7. Bg5 Bg7 8. Nxd5 O-O 9. Nxf6+ Bxf6 10. Bxf6 Qxf6 11. Be2 Re8 12. O-O Bg4 13. d5 Rxe2 14. dxc6 Bxf3 15. cxb7 Rae8 16. gxf3 Qxf3 17. Qd5 R2e4 18. h3 c6 19. Qd6 Qxh3 20. Qh2 Rg4+ 21. Kh1 Qf3+ 0-1


[Site "https://www.chess.com"]

[Event "Titled Tuesday Blitz May 03 Late 2022"]
[White "Herrera Reyes, Jose Antonio"]
[Black "Hambleton, Aman"]
[WhiteFideId "2274914"]
[BlackFideId "2606577"]
[WhiteElo "2361"]
[BlackElo "2552"]
[Result "1-0"]
[Round "11"]
[TimeControl "180+1"]
[Date "2022.05.03"]
[WhiteClock "0:00:19"]
[BlackClock "0:00:02"]

1. e4 c5 2. Nc3 e6 3. g3 a6 4. Bg2 b5 5. Nge2 Bb7 6. O-O Nf6 7. d3 d5 8. exd5 Nxd5 9. Ne4 Nc6 10. Bg5 Qb6 11. c4 Nc7 12. a4 h6 13. Be3 bxc4 14. d4 Nd5 15. dxc5 Nxe3 16. cxb6 Nxd1 17. Rfxd1 Be7 18. Rac1 O-O 19. Rd7 Rab8 20. Rxc4 Rfd8 21. Rxb7 Rd1+ 22. Bf1 Rxb7 23. Rxc6 a5 24. N2c3 Rd4 25. Ba6 Rb8 26. b7 Kh7 27. Rc8 Rd8 28. Rc7 Bb4 29. Rxf7 Kg8 30. Rc7 Kf8 31. Nb5 Rd1+ 32. Kg2 Rdd8 33. Nc5 Bxc5 34. Rxc5 Ke7 35. Rc7+ Kf6 36. Nc3 Rd6 37. Ne4+ Ke5 38. Nxd6 1-0


[Site "https://www.chess.com"]

[Event "Titled Tuesday Blitz May 03 Late 2022"]
[White "Jacobson, Aaron"]
[Black "Reprintsev, Alexander"]
[WhiteFideId "2089912"]
[BlackFideId "14100541"]
[WhiteElo "2265"]
[BlackElo "2108"]
[Result "0-1"]
[Round "11"]
[TimeControl "180+1"]
[Date "2022.05.03"]
[WhiteClock "0:01:51"]
[BlackClock "0:02:10"]

1. e4 d5 2. Nc3 d4 3. Nce2 c5 4. Ng3 Qa5 5. Bc4 Nc6 6. Nf3 h5 7. h3 h4 8. Ne2 e6 9. O-O b5 10. Bd3 c4 11. Nexd4 Nxd4 12. Nxd4 cxd3 13. cxd3 Bb7 14. a4 b4 15. Nb3 Qa6 16. Nc5 Bxc5 0-1


[Site "https://www.chess.com"]

[Event "Titled Tuesday Blitz May 03 Late 2022"]
[White "Janaszak, Dawid"]
[Black "Kazakouski, Valery"]
[WhiteFideId "1119206"]
[BlackFideId "13507443"]
[WhiteElo "2199"]
[BlackElo "2524"]
[Result "1-0"]
[Round "11"]
[TimeControl "180+1"]
[Date "2022.05.03"]
[WhiteClock "0:00:11"]
[BlackClock "0:00:27"]

1. e4 c5 2. Nc3 a6 3. d4 cxd4 4. Qxd4 Nc6 5. Qd2 g6 6. b3 Bg7 7. Bb2 Nf6 8. O-O-O O-O 9. Kb1 d6 10. Nge2 b5 11. f3 Be6 12. Nf4 Qa5 13. h4 b4 14. Ncd5 Bxd5 15. exd5 Ne5 16. h5 Rfc8 17. hxg6 hxg6 18. Be2 Rc5 19. Rc1 Nxd5 20. Nxd5 Rxd5 21. Qf4 Rc8 22. Qh4 Rd2 23. Bd3 Rc3 24. Qxe7 Nxd3 25. Qe8+ Bf8 26. Rh8+ Kxh8 27. Qxf8+ Kh7 28. Rh1+ Qh5 29. Qxf7+ Kh6 30. Qf8+ Kh7 31. Rxh5+ gxh5 32. Qf5+ Kh6 33. Bc1 Rxc2 34. Bxd2+ Rxd2 35. Qf6+ Kh7 36. Qf7+ Kh6 37. Qf6+ Kh7 38. g4 Rb2+ 39. Ka1 Rd2 40. Qf7+ Kh6 41. Qxh5+ Kg7 42. Qg5+ Kf7 43. Qxd2 1-0


[Site "https://www.chess.com"]

[Event "Titled Tuesday Blitz May 03 Late 2022"]
[White "Jegorovas, Aleksandras"]
[Black "Mirzoev, Azer"]
[WhiteFideId "12801950"]
[BlackFideId "13400304"]
[WhiteElo "2247"]
[BlackElo "2525"]
[Result "0-1"]
[Round "11"]
[TimeControl "180+1"]
[Date "2022.05.03"]
[WhiteClock "0:00:09"]
[BlackClock "0:00:09"]

1. Nf3 c5 2. c4 g6 3. e4 Bg7 4. d4 cxd4 5. Nxd4 Nc6 6. Be3 Qb6 7. Nb3 Qc7 8. Nc3 Bxc3+ 9. bxc3 Nf6 10. f3 d6 11. Bh6 Ne5 12. Bg7 Rg8 13. Bxf6 exf6 14. Qd4 Be6 15. c5 O-O-O 16. cxd6 Rxd6 17. Qxa7 Bxb3 18. axb3 Qxc3+ 19. Kf2 Rd2+ 20. Kg3 Rgd8 21. Ba6 Qc7 22. Rac1 Nc6+ 23. Kh3 Nxa7 0-1


[Site "https://www.chess.com"]

[Event "Titled Tuesday Blitz May 03 Late 2022"]
[White "Kamsky, Gata"]
[Black "Dimakiling, Oliver"]
[WhiteFideId "2000024"]
[BlackFideId "5202248"]
[WhiteElo "2645"]
[BlackElo "2426"]
[Result "1/2-1/2"]
[Round "11"]
[TimeControl "180+1"]
[Date "2022.05.03"]
[WhiteClock "0:00:09"]
[BlackClock "0:01:00"]

1. d4 Nf6 2. Nf3 d6 3. c4 Bf5 4. Nc3 h6 5. g3 Nbd7 6. Bg2 c6 7. O-O e5 8. d5 Rc8 9. b3 Be7 10. dxc6 bxc6 11. Ba3 Qc7 12. Qd2 O-O 13. Rfd1 Nc5 14. Bxc5 dxc5 15. h3 Rfd8 16. Qe3 Nd7 17. g4 Bg6 18. Rd2 e4 19. Nxe4 Re8 20. Rad1 Nf8 21. h4 Bxe4 22. Qxe4 Bg5 23. Nxg5 Rxe4 24. Nxe4 Qf4 25. f3 Ne6 26. Kf2 h5 27. e3 Qh2 28. Rh1 Qe5 29. g5 f5 30. Nd6 Rd8 31. Rhd1 f4 32. e4 Nd4 33. Nf5 g6 34. Nxd4 cxd4 35. Bf1 c5 36. Bd3 a5 37. a4 Kg7 38. Kg2 Kf7 39. Rb1 Rb8 40. Rbb2 Rb4 41. Rb1 Ke6 42. Rdb2 Qb8 43. Kh2 Ke5 44. Kg2 Rb7 45. Kh2 Qc7 46. Kg2 Qb6 47. Kf2 Qb4 48. Ke2 Qa3 49. Kd2 Qb4+ 50. Ke2 Kd6 51. Kf2 Re7 52. Ke2 Qb7 53. Kf2 Ke5 54. Kg2 Re6 55. Kf2 Rd6 56. Kg2 Qb4 57. Kf2 Qb8 58. Kg2 Rb6 59. Kf2 Rb7 60. Kg2 Rb6 61. Kf2 Rb7 62. Kg2 Rb6 1/2-1/2


[Site "https://www.chess.com"]

[Event "Titled Tuesday Blitz May 03 Late 2022"]
[White "Keymer, Vincent"]
[Black "Xiong, Jeffery"]
[WhiteFideId "12940690"]
[BlackFideId "2047640"]
[WhiteElo "2557"]
[BlackElo "2727"]
[Result "0-1"]
[Round "11"]
[TimeControl "180+1"]
[Date "2022.05.03"]
[WhiteClock "0:00:04"]
[BlackClock "0:00:05"]

1. Nf3 c5 2. c4 g6 3. d4 cxd4 4. Nxd4 Nc6 5. e4 Nf6 6. Nc3 d6 7. Be2 Nxd4 8. Qxd4 Bg7 9. Be3 O-O 10. Qd3 a5 11. O-O a4 12. f4 Qa5 13. Rac1 Bd7 14. Bd4 Bc6 15. a3 Rac8 16. Qe3 Nd7 17. Bxg7 Kxg7 18. Rfd1 Qc5 19. Kf2 f5 20. Qxc5 Nxc5 21. e5 dxe5 22. fxe5 Rcd8 23. Rxd8 Rxd8 24. Ke3 Bxg2 25. Rd1 Rxd1 26. Bxd1 Bc6 27. Kd4 Ne6+ 28. Ke3 f4+ 29. Kd3 Nc5+ 30. Kd4 Ne6+ 31. Kd3 Kf7 32. Nd5 h5 33. Kc3 Ke8 34. Bc2 Kf7 35. Bd1 b5 36. Nb4 Bd7 37. Be2 Nc7 38. c5 Bg4 39. Bf1 Bf3 40. h4 g5 41. hxg5 Kg6 42. Nd3 Kxg5 43. Bh3 Bg4 44. Bf1 h4 45. Nf2 Bf5 46. c6 f3 47. Kd4 Kf4 48. Kc5 Kg3 49. Nd1 h3 50. Bxh3 Bxh3 51. Kb6 Nd5+ 52. Kc5 Be6 53. Kxb5 Bf5 54. Kc5 e6 55. Kd6 Bc2 56. Ne3 Nxe3 57. c7 f2 58. c8=Q f1=Q 59. Qg8+ Kf2 60. Qxe6 Qa6+ 61. Ke7 Nf5+ 62. Kf6 Qb7 63. Qc4 Qg7+ 64. Ke6 Qe7+ 65. Kd5 Bb3 0-1


[Site "https://www.chess.com"]

[Event "Titled Tuesday Blitz May 03 Late 2022"]
[White "Kholin, Aleksandr"]
[Black "Richter, Nils"]
[WhiteFideId "14179385"]
[BlackFideId "12990809"]
[WhiteElo "2478"]
[BlackElo "2243"]
[Result "1/2-1/2"]
[Round "11"]
[TimeControl "180+1"]
[Date "2022.05.03"]
[WhiteClock "0:00:15"]
[BlackClock "0:00:13"]

1. d4 e6 2. c4 Bb4+ 3. Bd2 a5 4. Nc3 Nf6 5. Qc2 d5 6. Nf3 O-O 7. e3 b6 8. cxd5 exd5 9. Bd3 Ba6 10. O-O Bxd3 11. Qxd3 c5 12. dxc5 Bxc5 13. Rfd1 Nc6 14. Nb5 Qe7 15. Rac1 Rac8 16. Be1 Rfd8 17. h3 h6 18. a3 Ne4 19. Nbd4 Ne5 20. Nxe5 Qxe5 21. Nf3 Qxb2 22. a4 Qf6 23. Qb5 Qc6 24. Qb3 Qe6 25. Rc2 Ng5 26. Nxg5 hxg5 27. Rcd2 g4 28. hxg4 Qxg4 29. Rxd5 Rxd5 30. Rxd5 Qe2 31. Qd1 Qxd1 32. Rxd1 Re8 33. Rc1 Re4 34. Bxa5 Rxa4 35. Be1 Ra2 36. Kf1 f6 37. Rd1 Kf7 38. Rd7+ Kg6 39. Rb7 Rb2 40. g4 b5 41. Bc3 Rc2 42. Bd4 Bxd4 43. exd4 Rd2 44. Rxb5 Rxd4 45. f3 Rd2 46. Rc5 Kf7 47. Rf5 Ke6 48. Ra5 g6 49. Rb5 f5 50. gxf5+ gxf5 51. Ke1 Ra2 52. Rc5 Kf6 53. Kf1 Kg5 54. Rc4 Kh5 55. Rb4 Kg5 56. Ke1 Rc2 57. Kf1 Rh2 58. Kg1 Rh4 59. Rxh4 Kxh4 60. Kg2 f4 61. Kh2 Kh5 62. Kg2 Kg5 63. Kh2 Kf5 64. Kh3 Kg5 65. Kg2 Kh4 66. Kh2 Kh5 67. Kg2 Kg5 68. Kh3 Kh5 69. Kg2 1/2-1/2


[Site "https://www.chess.com"]

[Event "Titled Tuesday Blitz May 03 Late 2022"]
[White "Koelle, Tobias"]
[Black "Pinheiro, Iung Alicio de O."]
[WhiteFideId "16207378"]
[BlackFideId "2104350"]
[WhiteElo "2541"]
[BlackElo "2526"]
[Result "0-1"]
[Round "11"]
[TimeControl "180+1"]
[Date "2022.05.03"]
[WhiteClock "0:01:37"]
[BlackClock "0:00:36"]

1. Nc3 c5 2. f3 d5 3. e4 d4 4. Nce2 Nc6 5. d3 e5 6. g3 h5 7. Nh3 h4 8. Bg2 f6 9. f4 Bg4 10. Nf2 h3 11. Nxg4 hxg2 12. Rg1 Qd7 13. f5 g6 14. Rxg2 gxf5 15. exf5 Qxf5 16. Ng1 O-O-O 17. Rf2 Qe6 18. Qf3 Kb8 19. h4 Nb4 20. a3 Nd5 21. Bd2 Bg7 22. O-O-O Nge7 23. Re1 f5 24. Nh2 Rhf8 25. Rfe2 Ka8 26. Nh3 c4 27. dxc4 Nb6 28. b3 e4 29. a4 Qd6 30. Qf4 Qa3+ 31. Kb1 d3 32. c3 dxe2 33. Rxe2 Qxb3+ 34. Kc1 Nxc4 0-1


[Site "https://www.chess.com"]

[Event "Titled Tuesday Blitz May 03 Late 2022"]
[White "Lehtosaari, Mauri"]
[Black "Rustemov, Alexander"]
[WhiteFideId "501999"]
[BlackFideId "4119002"]
[WhiteElo "2518"]
[BlackElo "2724"]
[Result "0-1"]
[Round "11"]
[TimeControl "180+1"]
[Date "2022.05.03"]
[WhiteClock "0:00:17"]
[BlackClock "0:01:16"]

1. d4 d5 2. Nf3 Nf6 3. Bg5 Ne4 4. Bf4 c5 5. e3 Qb6 6. Nc3 Nxc3 7. bxc3 Qa5 8. Qd2 e6 9. a4 c4 10. e4 Nc6 11. Be2 Be7 12. e5 h6 13. h4 Bd7 14. h5 b5 15. O-O bxa4 16. Rfb1 Kd8 17. g4 Kc7 18. Ne1 Rab8 19. Ng2 Rxb1+ 20. Rxb1 a3 21. Ne3 Rb8 22. Ra1 a2 23. Qd1 Rb2 24. Nxd5+ exd5 25. e6+ Bd6 26. Bxd6+ Kxd6 27. exd7 Qxc3 28. Qc1 Kxd7 29. g5 Qxc2 30. Bg4+ Kc7 31. Qf4+ Kb6 32. Qd6 Qxf2+ 0-1


[Site "https://www.chess.com"]

[Event "Titled Tuesday Blitz May 03 Late 2022"]
[White "Leiva, Gianmarco"]
[Black "Fishbein, Alexander"]
[WhiteFideId "3804399"]
[BlackFideId "2000377"]
[WhiteElo "2323"]
[BlackElo "2442"]
[Result "1-0"]
[Round "11"]
[TimeControl "180+1"]
[Date "2022.05.03"]
[WhiteClock "0:00:09"]
[BlackClock "0:00:16"]

1. Nf3 Nf6 2. g3 g6 3. Bg2 Bg7 4. O-O O-O 5. d3 d6 6. Nc3 Nc6 7. e4 e5 8. h3 Be6 9. Ng5 Bd7 10. f4 exf4 11. Bxf4 Nh5 12. Nf3 Nxf4 13. gxf4 Nd4 14. Ne2 Nxf3+ 15. Rxf3 Bxb2 16. Rb1 Ba3 17. d4 d5 18. Rxa3 dxe4 19. Bxe4 Qe7 20. Qd3 Rae8 21. Bf3 Bf5 22. Qc3 Qh4 23. Rf1 Bxh3 24. Rf2 Bg4 25. Bxg4 Qxg4+ 26. Qg3 Qd7 27. f5 c5 28. Rd3 c4 29. Rdf3 Re4 30. Nf4 Qxf5 31. c3 Rfe8 32. Kh2 Kh8 33. Nh3 Qg4 34. Rxf7 Qxg3+ 35. Kxg3 R4e7 36. Ng5 Kg8 37. Rxe7 Rxe7 38. Nf3 Re3 39. Rc2 g5 40. Kf2 Re7 41. Nxg5 Kg7 42. Nf3 b5 43. Ne5 h5 44. a4 a6 45. axb5 axb5 46. Rb2 Rb7 47. Ke3 Kf6 48. Ke4 h4 49. Nxc4 Rh7 50. Ne5 h3 51. Rxb5 Kg5 52. Nf3+ Kg6 53. Rg5+ Kf6 54. Rg1 h2 55. Rh1 Rc7 56. Kd3 Kf5 57. Rxh2 Kf4 58. Ne5 Ra7 59. Rb2 Rh7 60. Rb8 Rh3+ 61. Kc4 Ke4 62. Re8 Rh1 63. Nd3+ Kf5 64. Kd5 Rd1 65. Rf8+ Kg5 66. Ne5 Rc1 67. c4 1-0


[Site "https://www.chess.com"]

[Event "Titled Tuesday Blitz May 03 Late 2022"]
[White "Maksimovic, Bojan"]
[Black "Vasquez Schroeder, Rodrigo"]
[WhiteFideId "14408120"]
[BlackFideId "3400042"]
[WhiteElo "2448"]
[BlackElo "2561"]
[Result "1-0"]
[Round "11"]
[TimeControl "180+1"]
[Date "2022.05.03"]
[WhiteClock "0:00:37"]
[BlackClock "0:01:01"]

1. e4 c5 2. Nf3 d6 3. d4 cxd4 4. Nxd4 Nf6 5. Nc3 a6 6. Bg5 e6 7. f4 Nbd7 8. Qe2 Qc7 9. O-O-O b5 10. a3 Be7 11. Rg1 h6 12. Bh4 Bb7 13. g4 g5 14. fxg5 Nh7 15. Bg3 hxg5 16. Nf3 Nhf8 17. e5 d5 18. Nxd5 Bxd5 19. Rxd5 exd5 20. e6 Bd6 21. Nxg5 Bxg3 22. exf7+ 1-0


[Site "https://www.chess.com"]

[Event "Titled Tuesday Blitz May 03 Late 2022"]
[White "Martinez Alcantara, Jose Eduardo"]
[Black "Nakamura, Hikaru"]
[WhiteFideId "3805662"]
[BlackFideId "2016192"]
[WhiteElo "2690"]
[BlackElo "2850"]
[Result "0-1"]
[Round "11"]
[TimeControl "180+1"]
[Date "2022.05.03"]
[WhiteClock "0:00:03"]
[BlackClock "0:00:13"]

1. e4 c5 2. Nf3 e6 3. c3 d5 4. exd5 Qxd5 5. d4 Nf6 6. Be3 cxd4 7. cxd4 Be7 8. Nc3 Qd8 9. Bc4 b6 10. d5 exd5 11. Nxd5 Bb7 12. Nxf6+ Bxf6 13. Qxd8+ Bxd8 14. Bb5+ Bc6 15. Nd4 Bxb5 16. Nxb5 O-O 17. O-O-O Nc6 18. Kb1 Bf6 19. Rd7 a6 20. Nc7 Ra7 21. Rc1 Ne5 22. Rd6 Ng4 23. Bxb6 Rb7 24. Rc2 Be5 25. Rdc6 Bxh2 26. Nd5 Rd7 27. Ne3 Nf6 28. Rc8 g6 29. a4 h5 30. a5 h4 31. R8c4 g5 32. Ka2 Bf4 33. Nf5 Nd5 34. Bc5 Re8 35. b4 Kh7 36. g3 hxg3 37. fxg3 Be5 38. g4 Kg6 39. Kb3 Nf6 40. Rg2 Bf4 41. Nd4 Ne4 42. Ka4 Nxc5+ 43. Rxc5 Rxd4 44. Rc6+ f6 45. Rxa6 Rb8 46. Rb2 Bd6 47. Rb6 Rxb6 48. axb6 Rxg4 49. Kb5 Rd4 50. Kc6 Bxb4 51. b7 Bd6 52. Kb6 Be5 53. Rc2 Rb4+ 54. Kc6 g4 55. Rc5 g3 0-1


[Site "https://www.chess.com"]

[Event "Titled Tuesday Blitz May 03 Late 2022"]
[White "Mikhailov, Viacheslav"]
[Black "Koellner, Ruben Gideon"]
[WhiteFideId "4187369"]
[BlackFideId "12993093"]
[WhiteElo "2381"]
[BlackElo "2621"]
[Result "1-0"]
[Round "11"]
[TimeControl "180+1"]
[Date "2022.05.03"]
[WhiteClock "0:00:27"]
[BlackClock "0:00:03"]

1. Nf3 c5 2. g3 g6 3. Bg2 Bg7 4. d4 cxd4 5. Nxd4 Nc6 6. Nxc6 bxc6 7. O-O Nf6 8. c4 O-O 9. Nc3 Qc7 10. b3 d6 11. Bb2 Be6 12. Rc1 a5 13. Qd2 Rfb8 14. Rfd1 Qb7 15. c5 d5 16. e4 Rd8 17. exd5 Nxd5 18. Nxd5 Bxd5 19. Bxg7 Kxg7 20. Bxd5 Rxd5 21. Qc3+ Kg8 22. Rxd5 cxd5 23. c6 Qc7 24. h4 h5 25. a3 Rd8 26. b4 axb4 27. axb4 d4 28. Qc5 d3 29. b5 d2 30. Rd1 Rd6 31. Qc3 Qd8 32. Kh2 e5 33. c7 Qc8 34. b6 Rxb6 35. Rxd2 Kg7 36. Qxe5+ f6 37. Qe7+ Kh6 38. Qe3+ 1-0


[Site "https://www.chess.com"]

[Event "Titled Tuesday Blitz May 03 Late 2022"]
[White "Mirza, Diana"]
[Black "Yurovskykh, Oleksandr"]
[WhiteFideId "2503999"]
[BlackFideId "14134020"]
[WhiteElo "1813"]
[BlackElo "2292"]
[Result "0-1"]
[Round "11"]
[TimeControl "180+1"]
[Date "2022.05.03"]
[WhiteClock "0:00:07"]
[BlackClock "0:00:07"]

1. d4 d5 2. Nf3 Nf6 3. e3 Bg4 4. c4 e6 5. Nc3 dxc4 6. Bxc4 a6 7. O-O c5 8. h3 Bh5 9. g4 Bg6 10. dxc5 Bxc5 11. Qxd8+ Kxd8 12. Rd1+ Ke7 13. Ne5 Nbd7 14. Nxd7 Nxd7 15. Ne2 Ne5 16. Bb3 Be4 17. Ng3 Bc6 18. f4 Nd7 19. Bd2 Nb6 20. Kh2 Nd5 21. e4 Nf6 22. e5 Ne4 23. Nxe4 Bxe4 24. Rac1 Rac8 25. a3 Rhd8 26. Ba5 b6 27. Be1 Be3 28. Bh4+ f6 29. exf6+ gxf6 30. Rxc8 Bxf4+ 31. Kg1 Rxc8 32. Rd4 Be3+ 33. Bf2 Bxd4 34. Bxd4 b5 35. Kf2 Rc1 36. Ke3 Bd5 37. Bxd5 exd5 38. Kf4 Ke6 39. h4 Rf1+ 40. Kg3 Rd1 41. Bc3 d4 42. Bb4 d3 43. Kf2 Rh1 44. Ke3 Rxh4 45. Kxd3 Rxg4 46. Kc3 h5 47. b3 h4 48. a4 bxa4 49. bxa4 h3 50. Bc5 h2 0-1


[Site "https://www.chess.com"]

[Event "Titled Tuesday Blitz May 03 Late 2022"]
[White "Mogranzini, Roberto"]
[Black "Sargsyan, Anna M."]
[WhiteFideId "810894"]
[BlackFideId "13308130"]
[WhiteElo "2469"]
[BlackElo "2271"]
[Result "1/2-1/2"]
[Round "11"]
[TimeControl "180+1"]
[Date "2022.05.03"]
[WhiteClock "0:00:42"]
[BlackClock "0:00:12"]

1. e4 c6 2. Nf3 d5 3. d3 Bg4 4. Be2 e6 5. Nbd2 Nf6 6. O-O Be7 7. h3 Bh5 8. b3 O-O 9. Bb2 c5 10. Ne5 Bxe2 11. Qxe2 Nbd7 12. f4 Rc8 13. Rae1 b5 14. Nxd7 Qxd7 15. e5 Ne8 16. g4 d4 17. f5 Bh4 18. Rd1 Bg5 19. Bc1 Be3+ 20. Kh2 f6 21. Ne4 Bxc1 22. Rxc1 fxe5 23. fxe6 Qxe6 24. Rxf8+ Kxf8 25. Rf1+ Kg8 26. Qf3 Nf6 27. Nxf6+ gxf6 28. Qxf6 Qxf6 29. Rxf6 c4 30. Re6 cxd3 31. cxd3 Rc2+ 32. Kg3 Rxa2 33. Rxe5 a6 34. Re6 Rd2 35. Rxa6 Rxd3+ 36. Kf4 Rxh3 37. b4 Rb3 38. Ke5 Kg7 39. Ra7+ Kg6 40. Ra6+ Kg5 41. Ra7 Rxb4 42. Rg7+ Kh4 43. Ke4 h6 44. Rg6 Rc4 45. Kd3 Kg3 46. g5 hxg5 47. Rxg5+ Kf4 48. Rxb5 Ra4 49. Rd5 Rb4 50. Rxd4+ Rxd4+ 51. Kxd4 1/2-1/2


[Site "https://www.chess.com"]

[Event "Titled Tuesday Blitz May 03 Late 2022"]
[White "Mohammadian, Mohammad"]
[Black "Donchenko, Anatoly"]
[WhiteFideId "12566055"]
[BlackFideId "4106091"]
[WhiteElo "1544"]
[BlackElo "2339"]
[Result "0-1"]
[Round "11"]
[TimeControl "180+1"]
[Date "2022.05.03"]
[WhiteClock "0:00:09"]
[BlackClock "0:00:35"]

1. e4 c5 2. Nf3 d6 3. d4 cxd4 4. Nxd4 Nf6 5. Nc3 a6 6. Be2 e6 7. Be3 Qc7 8. O-O b5 9. a3 Bb7 10. f3 Nbd7 11. Qe1 Be7 12. Qf2 O-O 13. Kh1 Rac8 14. Rad1 Ne5 15. Rd2 Rfd8 16. Nb3 Nfd7 17. Rfd1 Ba8 18. Qg3 Nc4 19. Bxc4 Qxc4 20. Bh6 Bf8 21. Rxd6 Qc7 22. Rxa6 Qxg3 23. hxg3 gxh6 24. Nxb5 Rxc2 25. Rxd7 Rxd7 26. Rxa8 Rxb2 27. N5d4 e5 28. Nf5 Rxb3 29. Nxh6+ Kg7 30. Nf5+ Kf6 31. Rxf8 Rxa3 32. Rh8 Kg6 33. Nh4+ Kg7 34. Re8 f6 35. Nf5+ Kf7 36. Rh8 Kg6 37. Rg8+ Kf7 38. Rg7+ Ke6 39. Rxd7 Kxd7 40. Kh2 Ke6 41. Kh3 Ra2 42. g4 Kf7 43. Kg3 Kg6 44. Nh4+ Kg5 45. Nf5 h5 46. gxh5 Kxh5 47. Ng7+ Kg5 48. Ne6+ Kg6 49. Kh3 Rc2 50. g3 Rc6 51. Nd8 Rb6 52. g4 Kg7 53. Kg3 Kf8 54. f4 Ke7 55. fxe5 fxe5 56. Kh4 Kxd8 57. Kh5 Ke7 58. g5 Kf7 0-1


[Site "https://www.chess.com"]

[Event "Titled Tuesday Blitz May 03 Late 2022"]
[White "Nozdrachev, Leonid"]
[Black "Wagner, Dinara"]
[WhiteFideId "24113433"]
[BlackFideId "24157570"]
[WhiteElo "2242"]
[BlackElo "2216"]
[Result "1-0"]
[Round "11"]
[TimeControl "180+1"]
[Date "2022.05.03"]
[WhiteClock "0:00:04"]
[BlackClock "0:00:16"]

1. e4 c5 2. c3 d5 3. exd5 Qxd5 4. d4 Nf6 5. Nf3 Nc6 6. Be3 cxd4 7. cxd4 e6 8. Bd3 Be7 9. O-O O-O 10. Nc3 Qd6 11. a3 a6 12. Rc1 Bd7 13. Bb1 Rac8 14. Qd3 g6 15. Ba2 Rfd8 16. Rfd1 Be8 17. h3 b5 18. b4 Nb8 19. Ne5 Nc6 20. Ng4 Nxg4 21. hxg4 Bf8 22. Ne4 Qb8 23. Bg5 Rxd4 24. Nf6+ Kg7 25. Qe3 Rxd1+ 26. Rxd1 Qe5 27. Qd2 Kh8 28. Re1 Qd4 29. Qxd4 Nxd4 30. Nxe8 Rxe8 31. Rd1 Bg7 32. Be3 e5 33. Bxf7 Rc8 34. Kf1 h6 35. f4 Nc2 36. Bf2 exf4 37. Bxg6 Ne3+ 38. Bxe3 fxe3 39. Ke2 Bb2 40. Rd3 Bc1 41. Rd6 Kg7 42. Rxa6 Rc2+ 43. Bxc2 Kf7 44. Bd3 Ke7 45. Rb6 Kf7 46. Rxb5 Bxa3 47. Kxe3 Bc1+ 48. Kf3 Ke7 49. Be4 Kd6 50. Rd5+ Kc6 51. Rf5+ Kb6 52. b5 Ka5 53. Rf7 Kb6 54. Bc6 Bg5 55. Ke4 Kc5 56. Kf5 Kb6 57. Rg7 Kc5 58. Rxg5 1-0


[Site "https://www.chess.com"]